 Dungeon Crawl Stone Soup version 0.19-a0-1007-g133f65f (webtiles) character file.

37 Charly the Chopper (level 3, 0/23 HPs)
             Began as a Gargoyle Berserker on July 19, 2016.
             Was a Believer of Trog.
             Slain by an adder (1 damage)
             ... on level 2 of the Dungeon.
             The game lasted 00:05:06 (355 turns).

Charly the Chopper (Gargoyle Berserker)              Turns: 355, Time: 00:05:06

Health: 0/23       AC:  5    Str: 20    XL:     3   Next: 39%
Magic:  3/3        EV: 12    Int:  7    God:    Trog [**....]
Gold:   0          SH:  0    Dex: 10    Spells: 0 memorised, 2 levels left

rFire  . . .     SeeInvis .     a - +0 hand axe
rCold  . . .     Gourm    .     b - +0 animal skin
rNeg   + . .     Faith    .     (no shield)
rPois  ∞         Spirit   .     (no helmet)
rElec  +         Dismiss  .     (no cloak)
rCorr  .         Reflect  .     (no gloves)
SustAt .         Harm     .     (no boots)
MR     .....     Rnd*Tele +     (no amulet)
Stlth  +.........               (no ring)
                                d - ring of teleportation (curse)

@: exhausted, slowed, very slow, not resistant to hostile enchantments, very
unstealthy
A: negative energy resistance 1, electricity resistance, unbreathing,
petrification resistance, rot immunity, AC +3
a: Berserk, Trog's Hand, Burn Spellbooks, Renounce Religion


You were on level 2 of the Dungeon.
You worshipped Trog.
Trog was pleased with you.
You were hungry.

You visited 1 branch of the dungeon, and saw 2 of its levels.

Inventory:

Hand Weapons
 a - a +0 hand axe (weapon)
Armour
 b - a +0 animal skin (worn)
Jewellery
 d - a cursed ring of teleportation (left hand)
Scrolls
 e - a scroll of identify {unknown}
 f - a scroll of magic mapping {unknown}
 g - a scroll of amnesia {unknown}
Comestibles
 c - a bread ration


   Skills:
 - Level 3.2 Fighting
 + Level 3.9 Axes
 - Level 2.1 Armour
 - Level 1.5 Dodging


You had 2 spell levels left.
You didn't know any spells.

Dungeon Overview and Level Annotations

Branches:
Dungeon (2/15)

Altars:


Innate Abilities, Weirdness & Mutations

You are resistant to torment.
Your stone body is resilient. (AC +3)
You are immune to poison.
You resist negative energy. (rN+)
You are resistant to electric shocks. (rElec)
You can survive without breathing.
You are immune to petrification.
You are immune to rotting.


Message History

You can now call upon Trog for regeneration and protection from hostile enchantments.
The adder closely misses you. The adder bites you but does no damage.
You closely miss the adder. The adder bites you but does no damage.
The adder barely misses you.
You hit the adder but do no damage. The adder bites you.
The adder barely misses you. The adder bites you.
You closely miss the adder.
The adder bites you but does no damage. x3
The adder bites you.
* * * LOW HITPOINT WARNING * * *
You barely miss the adder.
You are feeling hungry.
The adder bites you.
* * * LOW HITPOINT WARNING * * *
The adder barely misses you.
You completely miss the adder. The adder misses you.
The adder closely misses you.
You aren't carrying any potions.
You closely miss the adder. The adder bites you.
You die...

......(.(..
#..........
#..........
#..........
#.####.......... ###.
#.....†b........ +..
####w.......b.. #.##
#S#############'#. #@#
#......?...... #....#
#.............
#.######.............
#.......).....(......
#....................
#.....(|†............
#......†.............
#...................#
.......##............#


You could see a worm, an adder and a bat.

Vanquished Creatures
  An adder (D:2)
  A worm (D:2)
  A dart slug (D:2)
  A giant gecko (D:2)
  A bat (D:1)
  A giant cockroach (D:2)
  3 goblins
  5 hobgoblins
  A kobold (D:1)
  3 giant newts (D:1)
  2 rats (D:1)
20 creatures vanquished.

Notes
Turn   | Place    | Note
-------+----------+-------------------------------------------
     0 | D:1      | Charly the Gargoyle Berserker began the quest for the Orb.
     0 | D:1      | Reached XP level 1. HP: 14/14 MP: 1/1
   138 | D:1      | Reached XP level 2. HP: 3/19 MP: 2/2
   296 | D:2      | Reached XP level 3. HP: 12/23 MP: 3/3
   347 | D:2      | Reached ** piety under Trog
   353 | D:2      | HP: 1/23 [adder (3)]
   355 | D:2      | Slain by an adder

Vault maps used:
D:1:      dpeg_arrival_short_road
D:2:      first_bread

Skill      XL: |  1 |
---------------+----+-----
Axes           | 3 |  3.9
Fighting       | |  3.2
Armour         | |  2.1
Dodging        | |  1.5

Action                   || total
-------------------------++-------
Melee: Hand axe          ||    75
Invok: Berserk           ||     2
Armor: Animal skin       ||    26
Dodge: Dodged            ||    56
